 Dungeon Crawl Stone Soup version 0.31.0-9-g3a7656b989 (webtiles) character file.

Game seed: 4845928125959116061

144 qw the Skirmisher (level 5, -1/29 HPs)
             Began as a Deep Elf Hunter on Feb 2, 2024.
             Slain by a hobgoblin (5 damage)
             ... led by Robin
             ... on level 2 of the Dungeon.
             The game lasted 00:00:07 (1635 turns).

qw the Skirmisher (Deep Elf Hunter)                 Turns: 1635, Time: 00:00:07

Health: -1/29      AC:  7    Str: 10    XL:     5   Next: 5%
Magic:  7/7        EV:  9    Int: 14    God:
Gold:   87         SH:  0    Dex: 18    Spells: 4/4 levels left

rFire   . . .        a - +0 shortbow
rCold   . . .        (shield currently unavailable)
rNeg    . . .        e - +0 scale mail
rPois   .            (no helmet)
rElec   .            d - +0 cloak
rCorr   .            (no gloves)
SInv    .            (no boots)
Will    .....        (no amulet)
Stlth   +            (no ring)
HPRegen 0.24/turn    (no ring)
MPRegen 0.10/turn

%: no passive effects
@: no status effects
A: no striking features
a: no special abilities


You were on level 2 of the Dungeon.
You visited 1 branch of the dungeon, and saw 2 of its levels.

You collected 87 gold pieces.


   Skills:
 - Level 1.5 Fighting
 + Level 8.4 Ranged Weapons
 - Level 2.4 Dodging
 - Level 1.2 Stealth


You had 4 spell levels left.
You didn't know any spells.
Your spell library was empty.

Inventory:

Hand Weapons
 a - a +0 shortbow (weapon)
Armour
 d - a +0 cloak (worn)
 e - a +0 scale mail (worn)
Scrolls
 g - a scroll of revelation {unknown}
 i - 2 scrolls of identify
 k - a scroll of fear {unknown}
Potions
 b - a potion of lignification {unknown}
 c - a potion of invisibility {unknown}
 f - a potion of attraction {unknown}
 h - a potion of resistance
 j - a potion of magic {unknown}

Dungeon Overview and Level Annotations

Branches:
Dungeon (2/15)

Altars:

Annotations:
D:2 Robin


Message History

The goblins go into a battle-frenzy!
You shoot an arrow. The arrow hits the goblin.
You kill the goblin!
Robin throws the goblin at you!
You shoot an arrow. The arrow hits the goblin!
You kill the goblin!
Robin throws the goblin at you! The hobgoblin hits you.
The goblin barely misses you. The goblin hits you but does no damage.
The hobgoblin hits you but does no damage.
You shoot an arrow. The arrow hits the goblin.
The goblin is severely wounded.
The hobgoblin hits you but does no damage.
Robin throws the goblin at you! The goblin hits you with a +0 dagger.
You shoot an arrow. The arrow closely misses the goblin.
The hobgoblin barely misses you.
The goblin hits you but does no damage. x2
You shoot an arrow. The arrow closely misses the goblin.
The hobgoblin hits you but does no damage.
The goblin hits you with a +0 dagger. x2
You shoot an arrow. The arrow hits the goblin.
You kill the goblin!
The hobgoblin barely misses you.
The goblin hits you but does no damage. x2
The hobgoblin hits you.
You shoot an arrow. The arrow hits the goblin.
The goblin is heavily wounded.
The hobgoblin hits you but does no damage.
The goblin hits you with a +0 dagger.
You shoot an arrow. The arrow closely misses the goblin.
The hobgoblin hits you. The goblin hits you but does no damage.
You shoot an arrow. The arrow hits the goblin!
You kill the goblin!
Robin's horned helmet rattles.
Robin throws the goblin at you! The hobgoblin completely misses you.
The goblin hits you with a +0 club.
The hobgoblin hits you but does no damage.
The goblin hits you but does no damage.
You shoot an arrow. The arrow hits the goblin!
You kill the goblin!
The goblin no longer looks unusually strong.
Robin throws the goblin at you! The hobgoblin hits you.
You die...

##### #.# #.# # #.# #.
#.# #.. #.# #... #.###
#.... #.#.. #.....####
#....
#...ggg@g#############.#
#$...g##)...............
#.... #..############..
#... #..# #.. ### #..#
#.. .... #.. #...## #..
#..## ### #..#


You could see Robin, 3 hobgoblins and a goblin.

Vanquished Creatures
  A bombardier beetle (D:2)
  Terence (D:2)
  3 adders (D:2)
  2 dart slugs (D:1)
  3 bats
  2 endoplasms (D:2)
  2 giant cockroaches (D:1)
  11 goblins
  7 hobgoblins
  4 kobolds
  2 quokkas (D:1)
  6 ball pythons
  A frilled lizard (D:1)
  6 rats
51 creatures vanquished.

Notes
Turn   | Place    | Note
-------+----------+-------------------------------------------
     0 | D:1      | qw the Deep Elf Hunter began the quest for the Orb.
     0 | D:1      | Reached XP level 1. HP: 12/12 MP: 3/3
     0 | D:1      | 0 ||| qw: Version: 0.3-a-155-g5e7d8dd
     0 | D:1      | 0 ||| qw: Game counter: 2323
     0 | D:1      | 0 ||| qw: Melee chars always use a shield: true
     0 | D:1      | 0 ||| qw: God list: Okawaru
     0 | D:1      | 0 ||| qw: Allow faded altars: false
     0 | D:1      | 0 ||| qw: Do Orc after clearing Dungeon:15 true
     0 | D:1      | 0 ||| qw: Do second Lair branch before Depths: true
     0 | D:1      | 0 ||| qw: Lair rune preference: random
     0 | D:1      | 0 ||| qw: Goals: Normal
     0 | D:1      | 0 ||| PLANNING D:1-11
   135 | D:1      | Reached skill level 6 in Ranged Weapons
   135 | D:1      | Reached XP level 2. HP: 16/16 MP: 4/4
   403 | D:1      | Reached XP level 3. HP: 20/20 MP: 5/5
   637 | D:1      | 637 ||| UPGRADING to +0 cloak.
   642 | D:1      | 642 ||| UPGRADING to +0 scale mail.
   652 | D:1      | 652 ||| DROPPING +0 leather armour.
   653 | D:1      | 653 ||| READING 2 scrolls labelled LANEGE NISAPPAOW.
   653 | D:1      | 653 ||| IDENTIFYING golden potion
   654 | D:1      | 654 ||| READING scroll of identify.
   654 | D:1      | 654 ||| IDENTIFYING scroll labelled EJO UCYUZORY
   655 | D:1      | 655 ||| READING scroll labelled GIHIUN LOPIJAR.
   660 | D:1      | 660 ||| DROPPING scroll of butterflies.
   661 | D:1      | 661 ||| DROPPING scroll of noise.
   701 | D:2      | Reached skill level 7 in Ranged Weapons
   803 | D:2      | Reached XP level 4. HP: 25/25 MP: 6/6
  1147 | D:2      | 1147 ||| FLEEEEING.
  1149 | D:2      | 1149 ||| FLEEEEING.
  1150 | D:2      | 1150 ||| FLEEEEING.
  1151 | D:2      | 1151 ||| FLEEEEING.
  1152 | D:2      | 1152 ||| FLEEEEING.
  1153 | D:2      | 1153 ||| FLEEEEING.
  1154 | D:2      | 1154 ||| FLEEEEING.
  1155 | D:2      | 1155 ||| FLEEEEING.
  1301 | D:2      | Noticed Terence
  1311 | D:2      | Killed Terence
  1312 | D:2      | Reached skill level 8 in Ranged Weapons
  1405 | D:2      | Reached XP level 5. HP: 29/29 MP: 7/7
  1624 | D:2      | Noticed Robin
  1634 | D:2      | HP: 6/29 [goblin/+0 club[Robin] (5)]
  1635 | D:2      | Slain by a hobgoblin

Levels and vault maps discovered:
D:1:      minmay_arrival_shoal_huts, layout_basic, st_stairs_13
D:2:      layout_basic, minmay_cut_off, uniq_terence, uniq_robin

Skill      XL: |  1  2  3  4 |
---------------+-------------+-----
Ranged Weapons | 6 7 8 |  8.4
Fighting       | |  1.5
Dodging        | |  2.4
Stealth        | |  1.2

Action                     |  1- 3 |  4- 6 || total
---------------------------+-------+-------++-------
   Fire: Shortbow          |    73 |    69 ||   142
    Use: Scroll            |     3 |       ||     3
 Armour: Leather armour    |    15 |       ||    15
         Scale mail        |     3 |    55 ||    58
  Dodge: Dodged            |    17 |    28 ||    45

Table legend:
 A = Non-vault XP
 B = Vault XP
 C = Vault XP percentage of total XP
 D = Non-vault monster count
 E = Vault monster count
 F = Vault count percentage of total count
                 A         B        C        D         E       F
            +---------+---------+-------+---------+---------+-------
      Total |     150 |      59 |  28.2 |      37 |      14 |  27.5
            +---------+---------+-------+---------+---------+-------
        D:1 |      39 |       3 |   7.1 |      21 |       2 |   8.7
        D:2 |     111 |      56 |  33.5 |      16 |      12 |  42.9
            +---------+---------+-------+---------+---------+-------
